Map: Blackburn LE

Players

Serral - Winner!

  • Race: Zerg Zerg

Zoun

  • Race: Protoss Protoss

Event: DreamHack SC2 Masters 2021 Fall

VOD

Have the link to the VOD?

Description

Time

  • Played on: Sept. 10, 2021, 10:17 a.m.
  • Length: 12:23

All games in this series

Show
View Real Time Build Order
Export as new Build Order

Serral Zerg - Winner!

Build Orders: Hatch First, Lurkers 

Get SALT Encoding   

  12  0:00  Drone  
  13  0:12  Overlord  
  13  0:17  Drone  
  14  0:31  Drone x2  
  16  0:43  Drone  
  17  0:51  Hatchery  
  17  0:54  Drone  
  17  0:58  Drone  
  18  1:08  Extractor  
  17  1:14  Spawning Pool  
  17  1:17  Drone  
  17  1:21  Drone  
  18  1:27  Drone  
  19  1:38  Drone  
  20  1:48  Overlord  
  20  2:00  Queen  
  22  2:02  Queen  
  22  2:03  Zergling x4  
  26  2:10  Drone  
  26  2:12  Metabolic Boost  
  26  2:14  Drone  
  28  2:21  Drone  
  29  2:24  Drone  
  30  2:36  Queen  
  32  2:44  Hatchery  
  32  2:46  Drone  
  32  2:48  Drone  
  33  2:53  Overlord  
  33  2:55  Drone  
  34  2:59  Drone  
  34  3:02  Drone  
  34  3:04  Overlord  
  36  3:13  Drone  
  36  3:14  Drone x3  
  40  3:20  Queen  
  40  3:22  Drone x2  
  40  3:26  Overlord  
  44  3:30  Drone  
  44  3:33  Queen  
  47  3:37  Drone x2  
  47  3:39  Drone  
  50  3:42  Drone x2  
  50  3:44  Drone  
  50  3:46  Drone  
  54  3:52  Roach Warren  
  53  3:55  Queen  
  53  3:59  Spore Crawler  
  54  4:03  Drone  
  54  4:09  Overlord  
  55  4:12  Zergling x10  
  60  4:19  Lair  
  60  4:20  Drone x2  
  60  4:21  Extractor x2  
  60  4:25  Overlord  
  60  4:30  Zergling x8  
  64  4:35  Overlord  
  64  4:41  Roach  
  64  4:42  Overlord  
  64  4:44  Roach x2  
  64  4:45  Roach  
  71  4:58  Spore Crawler  
  70  5:01  Drone x6  
  76  5:07  Overlord  
  76  5:09  Drone x2  
  79  5:14  Roach x2  
  79  5:17  Glial Reconstitution  
  79  5:18  Drone x3  
  79  5:20  Extractor  
  79  5:21  Extractor  
  84  5:23  Overseer  
  84  5:26  Drone x3  
  86  5:34  Drone x7  
  86  5:38  Drone x2  
  86  5:41  Drone x2  
  90  5:44  Overlord  
  90  5:50  Evolution Chamber  
  90  5:51  Roach  
  90  5:54  Overlord  
  90  5:58  Drone x3  
  90  6:02  Overlord  
  93  6:08  Drone x3, Infestation Pit  
  93  6:09  Extractor, Drone  
  95  6:14  Drone x4  
  95  6:18  Overlord  
  99  6:19  Drone  
  99  6:22  Drone x2  
  102  6:26  Zerg Missile Weapons Level 1  
  102  6:33  Overlord  
  102  6:34  Hatchery  
  102  6:38  Roach x2  
  102  6:39  Roach  
  107  6:46  Hydralisk Den, Hive  
  106  6:51  Roach x3  
  112  7:03  Roach x7  
  126  7:10  Overlord  
  126  7:12  Overlord  
  119  7:23  Drone x5  
  119  7:24  Drone x3  
  119  7:25  Zergling x2, Roach x2  
  133  7:30  Ravager x5  
  133  7:31  Overlord  
  133  7:33  Zergling x10  
  133  7:34  Zergling x2  
  133  7:35  Ravager  
  144  7:38  Drone  
  144  7:39  Lurker Den  
  144  7:43  Zergling x8  
  148  7:49  Grooved Spines  
  148  7:51  Extractor  
  148  7:52  Extractor  
  148  7:53  Overlord  
  148  7:54  Zergling x6  
  149  8:07  Zergling x18  
  149  8:10  Overlord  
  149  8:12  Viper x3  
  158  8:13  Overseer  
  158  8:17  Overlord  
  167  8:20  Overlord  
  167  8:29  Overlord  
  167  8:30  Overseer  
  167  8:35  Roach x8  
  167  8:36  Overlord  
  167  8:41  Roach x3  
  189  8:43  Zerg Missile Weapons Level 2  
  187  8:50  Ravager x2  
  187  8:51  Roach x2  
  187  8:52  Roach x2  
  197  9:02  Muscular Augments  
  197  9:03  Seismic Spines, Hydralisk  
  199  9:14  Hatchery  
  196  9:18  Hydralisk x3  
  187  9:31  Hydralisk x5  
  193  9:47  Lurker x4  
  193  9:49  Spore Crawler  
  193  9:51  Spine Crawler  
  193  9:52  Spine Crawler  
  194  9:53  Overseer  
  194  9:57  Drone x5  
  196  10:16  Drone x4  
  200  10:27  Extractor  
  198  10:31  Overlord  
  198  10:32  Overlord  
  198  10:33  Overseer  
  197  10:44  Extractor  
  197  10:45  Extractor  
  197  10:48  Hydralisk x2  
  199  10:56  Hydralisk x3  
  199  10:57  Hydralisk x5  
  195  11:16  Hydralisk x3  
  191  11:28  Spore Crawler, Drone x2  
  192  11:37  Hydralisk x7  
  189  11:49  Drone x2  
  189  11:51  Spire x2, Hydralisk x7  
Show
View Real Time Build Order
Export as new Build Order

Zoun Protoss 

Build Orders: 1 Gate Expand, Colossus Rush 

Get SALT Encoding   

  12  0:00  Probe  
  13  0:12  Probe  
  14  0:20  Pylon  
  14  0:24  Probe  
  15  0:38  Probe (Chrono Boost)  
  15  0:41  Gateway  
  16  0:47  Probe (Chrono Boost)  
  17  0:50  Assimilator  
  17  0:52  Probe (Chrono Boost)  
  18  1:04  Probe  
  19  1:17  Probe  
  20  1:27  Nexus  
  20  1:37  Cybernetics Core  
  20  1:41  Probe  
  21  1:47  Assimilator  
  21  1:53  Probe  
  22  1:58  Pylon  
  22  2:05  Probe  
  23  2:13  Adept (Chrono Boost)  
  23  2:14  Warp Gate  
  23  2:17  Probe  
  26  2:26  Robotics Facility  
  26  2:29  Probe (Chrono Boost)  
  27  2:33  Stalker (Chrono Boost)  
  29  2:40  Probe (Chrono Boost)  
  31  2:47  Probe (Chrono Boost)  
  31  2:50  Probe (Chrono Boost)  
  32  2:54  Probe (Chrono Boost)  
  32  2:56  Probe  
  34  3:06  Probe  
  34  3:08  Probe  
  36  3:13  Gateway  
  36  3:15  Observer, Robotics Bay  
  36  3:18  Probe  
  38  3:21  Probe  
  38  3:26  Adept  
  41  3:29  Assimilator  
  41  3:31  Probe  
  42  3:34  Pylon  
  42  3:37  Warp Prism (Chrono Boost)  
  44  3:42  Probe  
  44  3:48  Pylon  
  45  3:50  Probe  
  45  3:54  Probe  
  47  4:02  Probe  
  48  4:03  Disruptor (Chrono Boost), Gravitic Drive  
  48  4:06  Probe  
  52  4:11  Observer  
  52  4:12  Assimilator  
  52  4:13  Observer  
  52  4:14  Probe  
  53  4:17  Adept x2  
  53  4:18  Probe  
  58  4:28  Pylon  
  58  4:29  Disruptor (Chrono Boost)  
  58  4:38  Probe  
  62  4:41  Pylon  
  62  4:45  Gateway x2  
  62  4:46  Probe  
  63  4:55  Probe  
  64  5:03  Nexus  
  64  5:06  Pylon  
  64  5:07  Sentry  
  64  5:13  Observer  
  66  5:17  Colossus (Chrono Boost), Zealot  
  74  5:24  Observer  
  74  5:26  Probe  
  75  5:36  Probe  
  75  5:38  Probe  
  75  5:39  Extended Thermal Lance  
  75  5:41  Twilight Council  
  75  5:42  Forge, Shield Battery  
  77  5:44  Sentry  
  79  5:53  Sentry x2  
  79  5:55  Probe  
  79  5:57  Pylon  
  84  5:58  Probe  
  85  6:07  Pylon  
  85  6:08  Probe  
  86  6:15  Phoenix, Probe  
  87  6:21  Probe (Chrono Boost)  
  88  6:26  Stargate, Probe (Chrono Boost)  
  88  6:27  Probe (Chrono Boost)  
  88  6:28  Stargate  
  88  6:29  Stalker  
  93  6:33  Probe (Chrono Boost)  
  93  6:34  Protoss Ground Weapons Level 1, Blink  
  93  6:35  Probe (Chrono Boost)  
  93  6:37  Probe (Chrono Boost)  
  93  6:38  Probe (Chrono Boost)  
  93  6:39  Assimilator  
  96  6:40  Probe (Chrono Boost)  
  96  6:43  Assimilator  
  96  6:47  Probe x2  
  98  6:52  Probe  
  98  6:54  Pylon  
  100  6:59  Probe x2  
  100  7:00  Pylon  
  102  7:04  Probe  
  103  7:10  Colossus (Chrono Boost), Gateway  
  103  7:11  Probe x2  
  103  7:12  Gateway  
  103  7:14  Gateway  
  111  7:17  Gateway  
  112  7:28  Sentry x2  
  112  7:29  Observer, Sentry  
  117  7:33  Nexus  
  117  7:34  Pylon  
  117  7:35  Pylon, Gateway  
  117  7:42  Pylon  
  117  7:44  Sentry  
  117  7:48  Pylon, Colossus (Chrono Boost)  
  117  7:49  Pylon  
  125  7:53  Stalker x3  
  131  8:11  Shield Battery  
  131  8:13  Photon Cannon  
  131  8:15  Stalker x5  
  131  8:17  Stalker  
  131  8:18  Stalker x2  
  147  8:31  Warp Prism (Chrono Boost)  
  140  8:41  Probe x2  
  140  8:43  Stalker x4  
  150  8:48  Stargate  
  150  8:52  Protoss Ground Weapons Level 2  
  150  9:07  Stalker x2  
  150  9:08  Nexus  
  150  9:09  Pylon  
  154  9:13  Probe x3  
  157  9:20  Stalker x4  
  165  9:24  Pylon x2  
  147  9:36  Disruptor (Chrono Boost)  
  147  9:39  Fleet Beacon  
  147  9:41  Stargate  
  147  9:44  Stargate  
  150  9:47  Shield Battery  
  150  9:48  Photon Cannon  
  150  9:51  Photon Cannon  
  150  9:55  Probe x2  
  152  10:05  Disruptor, Zealot x4  
  163  10:07  Charge  
  163  10:12  Probe  
  154  10:21  Carrier (Chrono Boost)  
  160  10:30  Observer, Carrier (Chrono Boost)  
  160  10:33  Assimilator  
  166  10:36  Pylon  
  166  10:37  Assimilator  
  166  10:46  Disruptor  
  166  10:48  Zealot x4  
  172  11:00  Cybernetics Core  
  172  11:04  Zealot x5  
  171  11:14  Carrier (Chrono Boost)  
  165  11:23  Carrier (Chrono Boost)  
  165  11:25  Carrier (Chrono Boost)  
  168  11:38  Stalker  
  168  11:39  Stalker, Probe  
  161  11:42  Observer (Chrono Boost)  
  161  11:46  Probe x2  
  153  11:51  Stalker x5  
  152  12:02  Zealot x2  

Tags
 
Add a new tag
Caveats
  • Supply blocks, unpowered buildings, or Contaminate may cause inaccurate times.
  • Supply counts are checked every 10 seconds.